Map: [ESL] Inside and Out

Players

Bunny - Winner!

  • Race: Terran Terran
  • Spawn Location: 7:00

PappiJoe

  • Race: Protoss Protoss
  • Spawn Location: 1:00

Event: DreamHack SC2 Masters 2022 Valencia

VOD

Have the link to the VOD?

Description

Time

  • Played on: July 1, 2022, 9:11 a.m.
  • Length: 7:18

All games in this series

Show
View Real Time Build Order
Export as new Build Order

Bunny Terran - Winner!

Build Orders: Reaper Expand 

Get SALT Encoding   

  12  0:00  SCV  
  13  0:12  SCV  
  14  0:17  Supply Depot  
  14  0:24  SCV  
  15  0:38  SCV  
  15  0:39  Barracks  
  16  0:44  Refinery  
  16  0:50  SCV  
  17  1:03  SCV  
  18  1:06  Engineering Bay  
  18  1:15  SCV  
  19  1:26  Reaper  
  19  1:27  Orbital Command  
  20  1:51  Command Center  
  20  1:55  SCV  
  20  1:59  Marine  
  22  2:01  Supply Depot  
  22  2:07  SCV  
  23  2:10  Factory  
  23  2:17  Refinery  
  23  2:23  SCV, Barracks Reactor  
  23  2:28  Bunker  
  24  2:35  SCV  
  25  2:47  SCV  
  26  2:54  Hellion, Starport  
  28  2:59  SCV, Marine x2  
  28  3:05  Orbital Command  
  31  3:11  SCV  
  32  3:17  Marine x2, Widow Mine  
  36  3:23  SCV  
  37  3:33  SCV  
  38  3:35  SCV, Marine x2  
  38  3:39  Medivac, Widow Mine  
  45  3:42  Supply Depot  
  45  3:50  SCV  
  45  3:54  Marine  
  45  3:55  SCV  
  46  3:58  Supply Depot  
  46  4:01  Factory Tech Lab  
  46  4:04  SCV, Marine  
  46  4:07  SCV  
  46  4:09  Barracks, Starport Tech Lab  
  49  4:16  SCV  
  49  4:19  Refinery, SCV  
  49  4:20  Siege Tank  
  53  4:25  Barracks  
  53  4:28  Raven  
  55  4:33  Engineering Bay  
  55  4:35  Marine x2  
  57  4:47  SCV  
  57  4:48  SCV  
  62  4:52  Siege Tank  
  62  4:59  Supply Depot  
  62  5:00  Supply Depot  
  62  5:04  Terran Infantry Weapons Level 1  
  62  5:13  Supply Depot  
  62  5:14  Barracks Tech Lab  
  62  5:20  Starport Reactor, SCV x2, Marine x3  
  67  5:22  Refinery, Supply Depot  
  67  5:24  Supply Depot, Stimpack  
  67  5:32  SCV x2, Marine  
  67  5:34  Factory Reactor  
  70  5:38  Marine x2  
  72  5:46  SCV x2  
  74  5:51  Marauder  
  74  5:52  Combat Shield, Marauder  
  74  5:53  Supply Depot  
  74  5:56  Marine x2  
  78  5:58  SCV x2, Supply Depot  
  78  6:00  Medivac  
  82  6:09  Medivac  
  84  6:11  SCV x2  
  84  6:13  Marauder  
  84  6:14  Marine x2  
  84  6:15  Marauder  
  92  6:26  SCV x2  
  92  6:32  Marine x2  
  96  6:34  Marauder  
  96  6:36  Marauder  
  100  6:40  Command Center  
  100  6:44  Medivac  
  102  6:49  Marine x2  
  102  6:56  Marauder  
Show
View Real Time Build Order
Export as new Build Order

PappiJoe Protoss 

Build Orders: Phoenix Opening, Colossus Rush 

Get SALT Encoding   

  12  0:00  Probe  
  13  0:12  Probe  
  14  0:18  Pylon  
  14  0:23  Pylon  
  14  0:24  Probe  
  15  0:33  Assimilator  
  15  0:41  Probe (Chrono Boost)  
  16  0:45  Gateway  
  17  0:50  Probe (Chrono Boost)  
  17  0:56  Probe  
  18  1:08  Probe  
  19  1:20  Probe  
  20  1:33  Probe  
  20  1:35  Cybernetics Core  
  21  1:41  Assimilator  
  21  1:45  Probe  
  22  1:48  Pylon  
  22  1:57  Probe  
  22  2:00  Nexus  
  23  2:09  Stalker (Chrono Boost)  
  23  2:11  Probe (Chrono Boost)  
  23  2:14  Warp Gate  
  27  2:23  Probe (Chrono Boost)  
  27  2:28  Probe (Chrono Boost)  
  27  2:34  Sentry  
  28  2:37  Probe  
  28  2:43  Shield Battery  
  29  2:50  Probe  
  30  3:02  Probe (Chrono Boost)  
  31  3:12  Sentry  
  34  3:15  Probe (Chrono Boost), Phoenix  
  34  3:17  Gateway  
  35  3:20  Probe (Chrono Boost)  
  35  3:21  Gateway  
  35  3:23  Probe (Chrono Boost)  
  35  3:26  Probe (Chrono Boost)  
  37  3:27  Robotics Facility  
  37  3:29  Probe  
  38  3:38  Probe  
  39  3:41  Probe  
  40  3:50  Probe  
  40  3:54  Probe  
  40  3:58  Nexus  
  40  4:04  Probe  
  40  4:05  Pylon  
  40  4:06  Probe  
  42  4:14  Assimilator  
  42  4:16  Probe, Assimilator  
  43  4:18  Observer  
  43  4:19  Pylon  
  43  4:22  Probe (Chrono Boost)  
  45  4:28  Probe (Chrono Boost)  
  45  4:29  Robotics Bay  
  46  4:33  Pylon  
  46  4:37  Stalker  
  46  4:38  Probe (Chrono Boost)  
  49  4:44  Probe  
  46  4:46  Stalker  
  46  4:48  Probe  
  50  4:56  Probe  
  51  5:00  Probe, Immortal (Chrono Boost)  
  56  5:08  Probe  
  56  5:12  Probe x2  
  59  5:20  Probe  
  60  5:24  Probe x2  
  60  5:28  Colossus (Chrono Boost)  
  62  5:29  Pylon  
  62  5:32  Probe  
  69  5:36  Stalker  
  70  5:43  Probe  
  70  5:49  Probe x2  
  71  5:54  Shield Battery  
  71  5:55  Probe  
  71  5:56  Twilight Council  
  72  6:01  Probe x2  
  74  6:05  Forge  
  74  6:10  Probe  
  75  6:16  Probe x2  
  77  6:19  Colossus (Chrono Boost)  
  77  6:22  Probe  
  84  6:28  Sentry, Probe  
  87  6:36  Sentry  
  87  6:37  Stalker  
  90  6:40  Pylon  
  88  6:55  Shield Battery  
  88  6:56  Zealot  
  88  7:00  Pylon  
  78  7:09  Zealot  

Tags
 
Add a new tag
Caveats
  • Supply blocks, unpowered buildings, or Contaminate may cause inaccurate times.
  • Supply counts are checked every 10 seconds.